 Dungeon Crawl Stone Soup version 0.29-a0-321-gf1c400731a (webtiles) character file.

Game seed: 12665849775296896284

22226 Dabor the Missionary (level 12, -5/108 HPs)
             Began as a Hill Orc Fighter on Apr 5, 2022.
             Was a Priest of Beogh.
             Killed from afar by Jorgrun (61 damage)
             ... with an iron shot
             ... on level 13 of the Dungeon.
             The game lasted 00:20:07 (12963 turns).

Dabor the Missionary (Hill Orc Fighter)            Turns: 12963, Time: 00:20:07

Health: -5/108     AC: 21    Str: 19    XL:     12   Next: 98%
Magic:  19/19      EV:  9    Int: 10    God:    Beogh [***...]
Gold:   803        SH:  0    Dex: 10    Spells: 11/11 levels left

rFire   + . .      SeeInvis .   a - +7 spear "Jeoz" {drain, rF++ rC+}
rCold   + + .      Faith    .   w - orb {light}
rNeg    + . .      Spirit   .   J - +1 scale mail of Feasting {rF- rC+ Int+2}
rPois   .          Reflect  .   E - +1 hat
rElec   .          Harm     .   P - scarf {repulsion}
rCorr   .          Rampage  .   p - +1 pair of gloves
Will    +....                   (no boots)
Stlth   ..........              z - amulet of regeneration
HPRegen 1.08/turn               f - +4 ring of protection
MPRegen 0.16/turn               r - ring of Ephoc {+Blink rN+ AC+4 Str-5}

@: grasped by roots, glowing, constricted, repel missiles
A: low MP 1, strong-willed 1, wild magic 1
a: Renounce Religion, Evoke Blink, Smiting


You were on level 13 of the Dungeon.
You worshipped Beogh.
Beogh was most pleased with you.
You visited 1 branch of the dungeon, and saw 13 of its levels.
You also visited: Sewer.

You collected 985 gold pieces.
You spent 182 gold pieces at shops.

Inventory:

Hand Weapons
 a - the +7 spear "Jeoz" (weapon) {drain, rF++ rC+}
   (You found it on level 6 of the Dungeon)

   A truly terrible weapon, it drains the life of any living foe it strikes.
   rF:        It greatly protects you from fire.
   rC:        It protects you from cold.
 b - the +10 shortbow of the Warrior-Mage {vorpal, rF+ Str+2}
   (You found it on level 11 of the Dungeon)

   Any ammunition fired from it inflicts extra damage upon your enemies.
   Str:       It affects your strength (+2).
   rF:        It protects you from fire.
 n - a +1 war axe
Missiles
 j - 44 poisoned darts
 m - 4 boomerangs (quivered)
 F - a throwing net
Armour
 c - a +0 buckler
 p - a +1 pair of gloves (worn)
 w - an orb of light (worn)
 E - a +1 hat (worn)
 J - the +1 scale mail of Feasting (worn) {rF- rC+ Int+2}
   (You found it on level 12 of the Dungeon)

   Int:       It affects your intelligence (+2).
   rF:        It makes you vulnerable to fire.
   rC:        It protects you from cold.
 P - a scarf of repulsion (worn)
 S - a +0 scale mail
Jewellery
 f - a +4 ring of protection (left hand)
 r - the ring of Ephoc (right hand) {+Blink rN+ AC+4 Str-5}
   (You found it on level 3 of the Dungeon)

   [ring of protection]

   AC:        It affects your AC (+4).
   Str:       It affects your strength (-5).
   rN:        It protects you from negative energy.
   +Blink:    It lets you blink.
 z - an amulet of regeneration (around neck)
 B - a ring of resist corrosion
 G - a ring of magical power
 T - a ring of positive energy
Wands
 x - a wand of paralysis (7)
 D - a wand of iceblast (7)
 M - a wand of polymorph (5)
 Q - a wand of mindburst (6)
Scrolls
 e - 8 scrolls of teleportation
 g - 2 scrolls of blinking
 h - 2 scrolls of fear
 l - 2 scrolls of enchant weapon
 o - a scroll of immolation
 q - 2 scrolls of magic mapping
 v - 2 scrolls of vulnerability
 y - 2 scrolls of amnesia
 A - a scroll of silence
 C - a scroll of enchant armour
Potions
 d - 5 potions of might
 i - a potion of mutation
 k - 2 potions of heal wounds
 s - 3 potions of brilliance
 t - 3 potions of attraction
 u - 3 potions of degeneration
 H - a potion of flight {unknown}
 I - a potion of cancellation {unknown}
 K - a potion of ambrosia {unknown}
 L - a potion of haste
 N - 4 potions of curing {unknown}
 O - a potion of lignification {unknown}


   Skills:
 + Level 10.8 Fighting
 + Level 11.5 Axes
 + Level 10.0 Armour
 + Level 7.0 Dodging
 + Level 10.0 Shields
 * Level 12.6 Invocations


You had 11 spell levels left.
You didn't know any spells.
Your spell library contained the following spells:

 Spells                   Type           Power      Damage    Failure   Level
 Animate Skeleton         Necr           0%         N/A       75%         1
 Magic Dart               Conj           0%         1d3       75%         1
 Pain                     Necr           0%         1d4       75%         1
 Blink                    Tloc           0%         N/A       86%         2
 Searing Ray              Conj           0%         2d4       86%         2
 Confusing Touch          Hex            0%         N/A       97%         3
 Lesser Beckoning         Tloc           0%         N/A       97%         3
 Tukima's Dance           Hex            0%         N/A       97%         3
 Vampiric Draining        Necr           0%         2d6       97%         3
 Fulminant Prism          Conj/Hex       0%         3d6       100%        4
 Passage of Golubria      Tloc           0%         N/A       100%        4
 Manifold Assault         Tloc           0%         N/A       100%        5
 Yara's Violent Unravell  Hex/Tmut       0%         3d3       100%        5
 Enfeeble                 Hex            0%         N/A       100%        7


Dungeon Overview and Level Annotations

Branches:
Dungeon (13/15)            Temple (0/1) D:5            Lair (0/6) D:10
    Orc (0/2) D:11          Sewer (visited)
 Vaults: D:13-14

Altars:
Dithmenos
Nemelex Xobeh
Okawaru
Trog
Vehumet
Zin
The Shining One

Shops:
D:2 =   D:11 *   D:13 *

Annotations:
D:9 exclusion: orange crystal statue
D:13 2 runed translucent doors, Betucket's ghost, journeyman SpHu; Jorgrun


Innate Abilities, Weirdness & Mutations

Your magical capacity is low. (-10% MP)
You are strong-willed. (Will+)
Your spells are a little harder to cast, but a little more powerful.


Message History

Jorgrun is nearby!
Jorgrun is nearby!
Jorgrun gestures at you while chanting.
You easily resist.
Throw: 49 darts (poison)
Press: ? - help, Shift-Dir - straight line, f - Jorgrun
Aim: Jorgrun, wielding a +0 vorpal quarterstaff and wearing a +2 robe of cold resistance (44% to hit)
You throw a poisoned dart. The poisoned dart hits Jorgrun.
Throw: 48 darts (poison)
Press: ? - help, Shift-Dir - straight line, f/p - Jorgrun
Aim: Jorgrun, wielding a +0 vorpal quarterstaff and wearing a +2 robe of cold resistance (44% to hit)
You throw a poisoned dart. The poisoned dart hits Jorgrun.
Jorgrun is poisoned.
Jorgrun points at you and mumbles some strange words.
Roots burst forth from the earth!
The grasping roots grab you! The grasping roots constrict you!
Throw: 47 darts (poison)
Press: ? - help, Shift-Dir - straight line, f/p - Jorgrun
Aim: Jorgrun, wielding a +0 vorpal quarterstaff and wearing a +2 robe of cold resistance (poisoned, 44% to hit)
You throw a poisoned dart. The poisoned dart hits Jorgrun.
Jorgrun looks even sicker.
The grasping roots constrict you!
Throw: 46 darts (poison)
Press: ? - help, Shift-Dir - straight line, f/p - Jorgrun
Aim: Jorgrun, wielding a +0 vorpal quarterstaff and wearing a +2 robe of cold resistance (very poisoned, 44% to hit)
You throw a poisoned dart. The poisoned dart hits Jorgrun.
The grasping roots constrict you!
Throw: 45 darts (poison)
Press: ? - help, Shift-Dir - straight line, f/p - Jorgrun
Aim: Jorgrun, wielding a +0 vorpal quarterstaff and wearing a +2 robe of cold resistance (very poisoned, haloed, 62% to hit)
You throw a poisoned dart.
The poisoned dart barely misses Jorgrun.
Jorgrun casts a spell at you. The iron shot hits you!!!
The grasping roots constrict you.
Okay, then.
You feel much better. Jorgrun casts a spell at you. The iron shot hits you!!!
Ouch! That really hurt!
You die...

.# #.# .#
#.# #..
.####'##
#(.
.......#
#((##
.......#
#.(.#
.......#
.g.#
....#'##
..#
....#.#
#.#
....#.#
#@#
....#.###
#.##
........#
#..#
####)##.#
##.##
#.##.#
#.>#
#.##.#
##.#
####.##.#
######.#
.....##.#
#....#.#
.....##.#
#....#.#


You could see Jorgrun (very poisoned).

Vanquished Creatures
  Gastronok (D:9)
  A tengu warrior (D:12)
  A centaur warrior (D:13)
  10 two-headed ogres
  Lodul (D:13)
  Pikel (D:9)
  A manticore (D:10)
  An ugly thing (D:12)
  Maurice (D:13)
  2 unseen horrors
  5 trolls
  A troll (shapeshifter) (D:13)
  A hornet (D:10)
  14 yaks
  5 shadows
  2 wraiths
  A wyvern (D:10)
  A steam dragon (D:9)
  10 vampire mosquitoes
  2 acid dragons
  3 water moccasins
  3 ice beasts
  A black bear (D:5)
  2 orc warriors
  A sky beast (D:5)
  2 centaurs
  2 ogres (D:13)
  2 phantoms (D:12)
  2 bullfrogs
  5 kobold brigands
  3 gnoll sergeants (D:10)
  A scorpion (D:7)
  3 necrophages
  5 wights
  4 killer bees
  5 electric eels (D:10)
  A howler monkey (D:6)
  4 lava snakes (D:9)
  3 jellies
  3 orc priests
  2 gnoll shamans (D:9)
  5 hounds
  Jessica (D:3)
  2 iguanas
  7 orc wizards
  16 gnolls
  8 adders
  6 river rats (Sewer)
  2 shadow imps
  5 white imps
  2 ufetubi
  2 worms
  A dart slug (D:4)
  22 orcs
  13 bats
  12 endoplasms
  7 giant cockroaches
  3 goblins
  8 hobgoblins
  9 jackals
  4 quokkas
  14 ball pythons
  5 frilled lizards
  23 kobolds
  8 rats
304 creatures vanquished.

Vanquished Creatures (collateral kills)
  3 unseen horrors (D:12)
  A wraith (D:11)
  A vampire (D:12)
  An orc wizard (D:11)
6 creatures vanquished.

Vanquished Creatures (others)
  An orc priest (D:11)
  An orc wizard (D:11)
  An orc (D:7)
  8 fungi (D:4)
  28 plants
39 creatures vanquished.

Grand Total: 349 creatures vanquished

Notes
Turn   | Place    | Note
-------+----------+-------------------------------------------
     0 | D:1      | Dabor the Hill Orc Fighter began the quest for the Orb.
     0 | D:1      | Reached XP level 1. HP: 19/19 MP: 1/1
   172 | D:1      | Reached XP level 2. HP: 22/27 MP: 2/2
   648 | D:1      | Reached XP level 3. HP: 33/33 MP: 3/3
   802 | D:2      | Found Cuntirhu's Jewellery Shoppe.
  1200 | D:2      | Reached XP level 4. HP: 40/40 MP: 4/4
  1314 | D:2      | Reached skill level 1 in Dodging
  1461 | D:2      | Found a shadowy altar of Dithmenos.
  1988 | D:3      | Reached XP level 5. HP: 18/47 MP: 5/5
  2056 | D:3      | Noticed Jessica
  2058 | D:3      | Killed Jessica
  2073 | D:3      | Found a glowing drain.
  2083 | Sewer    | Entered a sewer
  2378 | Sewer    | Noticed a kobold brigand
  2398 | Sewer    | Killed a kobold brigand
  2399 | Sewer    | Reached XP level 6. HP: 39/55 MP: 6/6
  3371 | D:3      | Found a sparkling altar of Nemelex Xobeh.
  3371 | D:3      | Found a glowing silver altar of Zin.
  3597 | D:3      | Reached skill level 5 in Fighting
  3613 | D:3      | Identified the ring of Ephoc {+Blink rN+ AC+4 Str-5}
  4195 | D:4      | Reached XP level 7. HP: 59/61 MP: 7/7
  4234 | D:4      | Reached skill level 5 in Axes
  4654 | D:5      | Entered Level 5 of the Dungeon
  4749 | D:5      | Reached skill level 5 in Armour
  4749 | D:5      | Reached skill level 5 in Shields
  4840 | D:5      | Found a staircase to the Ecumenical Temple.
  4970 | D:5      | Reached XP level 8. HP: 51/70 MP: 8/8
  5990 | D:6      | Identified the +7 spear "Jeoz" {drain, rF++ rC+}
  6117 | D:6      | Found an iron altar of Okawaru.
  6258 | D:6      | Found a radiant altar of Vehumet.
  6355 | D:6      | Found a bloodstained altar of Trog.
  6579 | D:6      | Reached XP level 9. HP: 78/78 MP: 9/9
  6646 | D:7      | Found a glowing golden altar of the Shining One.
  6762 | D:7      | Became a worshipper of Beogh the Brigand
  6797 | D:7      | Reached skill level 1 in Invocations
  6905 | D:7      | Reached skill level 2 in Invocations
  7293 | D:7      | Reached skill level 3 in Invocations
  7393 | D:7      | Reached skill level 4 in Invocations
  7420 | D:8      | Reached skill level 5 in Invocations
  7517 | D:8      | Reached XP level 10. HP: 75/88 MP: 12/14
  7558 | D:8      | Reached * piety under Beogh
  7853 | D:8      | Reached skill level 6 in Invocations
  8195 | D:9      | Noticed a two-headed ogre
  8207 | D:9      | Reached skill level 5 in Dodging
  8214 | D:9      | Killed a two-headed ogre
  8215 | D:9      | Reached skill level 7 in Invocations
  8468 | D:9      | Noticed an orange crystal statue
  8541 | D:9      | Noticed Pikel
  8554 | D:9      | Killed Pikel
  8555 | D:9      | Reached skill level 8 in Invocations
  8710 | D:9      | Noticed Gastronok
  8736 | D:9      | Killed Gastronok
  8737 | D:9      | Reached XP level 11. HP: 53/97 MP: 17/17
  9087 | D:9      | Reached ** piety under Beogh
  9109 | D:10     | Entered Level 10 of the Dungeon
  9191 | D:10     | Noticed a manticore
  9216 | D:10     | Killed a manticore
  9217 | D:10     | Reached skill level 9 in Invocations
  9564 | D:10     | Found a staircase to the Lair.
  9775 | D:10     | Noticed a two-headed ogre
  9792 | D:10     | Killed a two-headed ogre
  9793 | D:10     | Reached skill level 10 in Axes
  9793 | D:10     | Reached skill level 10 in Invocations
  9835 | D:10     | Reached *** piety under Beogh
 10322 | D:11     | Found a staircase to the Orcish Mines.
 10362 | D:11     | Found Atuhut's Neck Hole.
 10369 | D:11     | Bought a scarf of repulsion for 132 gold pieces
 10799 | D:11     | Noticed a two-headed ogre
 10814 | D:11     | Killed a two-headed ogre
 11233 | D:11     | Identified the +10 shortbow of the Warrior-Mage {vorpal,
                  | rF+ Str+2}
 11296 | D:12     | Noticed a two-headed ogre
 11315 | D:12     | Killed a two-headed ogre
 11316 | D:12     | Reached XP level 12. HP: 65/106 MP: 18/20
 11406 | D:12     | Reached skill level 10 in Fighting
 11406 | D:12     | Noticed a tengu warrior
 11438 | D:12     | Killed a tengu warrior
 11439 | D:12     | Reached skill level 11 in Invocations
 11815 | D:12     | Identified the +1 scale mail of Feasting {rF- rC+ Int+2}
 12386 | D:13     | Found a runed translucent door.
 12413 | D:13     | Found a runed translucent door.
 12418 | D:13     | Noticed a tengu reaver
 12419 | D:13     | Noticed a fire giant
 12420 | D:13     | Noticed a lich
 12422 | D:13     | Noticed Betucket's ghost (journeyman SpHu)
 12435 | D:13     | Found Berusk's Assorted Antiques.
 12443 | D:13     | Bought a fuming cyan potion for 25 gold pieces
 12443 | D:13     | Bought a cyan potion for 25 gold pieces
 12454 | D:13     | Noticed a centaur warrior
 12460 | D:13     | Killed a centaur warrior
 12461 | D:13     | Gained mutation: Your magical capacity is low. (-10% MP)
                  | [potion of mutation]
 12461 | D:13     | Gained mutation: Your spells are a little harder to cast,
                  | but a little more powerful. [potion of mutation]
 12461 | D:13     | Gained mutation: You are strong-willed. (Will+) [potion of
                  | mutation]
 12536 | D:13     | Noticed a two-headed ogre
 12538 | D:13     | Noticed a two-headed ogre
 12538 | D:13     | Noticed a two-headed ogre
 12539 | D:13     | Noticed a two-headed ogre
 12541 | D:13     | Noticed Lodul
 12542 | D:13     | Noticed a two-headed ogre
 12557 | D:13     | Killed a two-headed ogre
 12561 | D:13     | Killed a two-headed ogre
 12562 | D:13     | Reached skill level 12 in Invocations
 12565 | D:13     | Killed a two-headed ogre
 12571 | D:13     | Noticed a two-headed ogre
 12572 | D:13     | Killed a two-headed ogre
 12575 | D:13     | Killed a two-headed ogre
 12581 | D:13     | Killed Lodul
 12585 | D:13     | Killed a two-headed ogre
 12586 | D:13     | Reached skill level 10 in Armour
 12586 | D:13     | Reached skill level 10 in Shields
 12735 | D:13     | Noticed Maurice
 12747 | D:13     | Killed Maurice
 12956 | D:13     | Noticed Jorgrun
 12963 | D:13     | Killed from afar by Jorgrun

Illustrated notes

Levels and vault maps discovered:
D:1:      dpeg_arrival_court, layout_basic
D:2:      layout_loops_corners, basic_altar, serial_shops, shop
D:3:      minmay_diamond_boxcup, layout_loops_ring,
          gammafunk_temple_overflow_pools, portal_sewer_entry_d, uniq_jessica
D:4:      layout_basic, chequers_serial_rivers_micro_b,
          dreamdust_mushroom_princess, minmay_distorted
D:5:      layout_cave_pods, minmay_temple_entry_junction_2
D:6:      layout_gridville, okawaru_altar_gauntlet_db,
          mainiacjoe_overflow_24_doors, vehumet_crystals
D:7:      layout_loops_ring, tso_metal_star
D:8:      layout_gridville, minmay_checkerbox
D:9:      layout_roguey, disabler_island, uniq_pikel, uniq_gastronok
D:10:     layout_roguey, lair_entry_dummy, serial_bayou, serial_bayou_lake_a,
          serial_bayou_pond_e, serial_bayou_crossing, serial_bayou_pond_e,
          serial_bayou_pond_b, serial_bayou_pond_b
D:11:     layout_long_grid, orc_0_dummy, nicolae_shop_sticking_my_neck_out
D:12:     layout_small_grid, hangedman_batty
D:13:     layout_basic, serial_shops, nicolae_shop_hallway_stairs,
          muffindrake_ghost_dual_entry, uniq_maurice, uniq_lodul, uniq_jorgrun

Skill      XL: |  1  2  3  4  5  6  7  8  9 10 11 12 |
---------------+-------------------------------------+-----
Axes           | 3 4 5 6 8 9 10 11 | 11.5
Fighting       | 4 5 6 7 9 10 | 10.8
Dodging        | 1 2 3 4 5 6 7 |  7.0
Armour         | 4 5 6 7 8 9 10 | 10.0
Shields        | 4 5 6 7 8 9 10 | 10.0
Invocations    | 5 8 10 12 | 12.6

Action                   |  1- 3 |  4- 6 |  7- 9 | 10-12 || total
-------------------------+-------+-------+-------+-------++-------
Melee: War axe           |    90 |   243 |   127 |       ||   460
       Spear             |       |       |   196 |   655 ||   851
       Punch             |       |       |       |     1 ||     1
 Fire: Shortbow          |       |       |       |     8 ||     8
Throw: Boomerang         |       |       |    12 |    88 ||   100
       Dart              |       |       |       |    13 ||    13
       Throwing net      |       |       |       |     1 ||     1
Invok: Convert to Beogh  |       |       |     1 |       ||     1
Evoke: Wand              |       |       |     1 |     9 ||    10
  Use: Scroll            |       |     5 |     7 |     6 ||    18
       Potion            |       |     1 |       |     9 ||    10
 Stab: Paralysed         |       |       |       |     5 ||     5
Armor: Scale mail        |    49 |   138 |   177 |   407 ||   771
Dodge: Dodged            |    50 |   119 |   168 |   387 ||   724
Block: Buckler           |    23 |    51 |    90 |    40 ||   204

Table legend: (Time is in decaauts)
 A = Elapsed time spent in this place.
 B = Non-inter-level travel time spent in this place.
 C = Inter-level travel time spent in this place.
 D = Time resting spent in this place.
 E = Time spent auto-exploring this place.
 F = Levels seen in this place.
 G = Mean time per level.
                   A        B        C        D        E       F      G
               +--------+--------+--------+--------+--------+-----+--------+
         Total |  13254 |  12577 |    677 |    160 |   9737 |  14 |  946.7 |
       Dungeon |  11982 |  11305 |    677 |    160 |   8770 |  13 |  921.7 |
         Sewer |   1271 |   1271 |      0 |      0 |    967 |   1 | 1271.0 |
               +--------+--------+--------+--------+--------+-----+--------+

Top non-repeatable levels by time:
   Sewer: 1271 daAuts
     D:2: 1199 daAuts
    D:10: 1170 daAuts
     D:5: 1153 daAuts
     D:9: 1064 daAuts
    D:12: 1042 daAuts
     D:3: 996 daAuts
    D:11: 989 daAuts
     D:6: 817 daAuts
     D:1: 794 daAuts
     D:8: 763 daAuts
     D:7: 700 daAuts
     D:4: 676 daAuts
    D:13: 613 daAuts
